 Dungeon Crawl Stone Soup version 0.22-a0-352-gc608dd7 (webtiles) character file.

170 Amnesiac the Conjurer (level 5, -2/38 HPs)
             Began as a Demigod Conjurer on Apr 14, 2018.
             Slain by Duvessa
             ... wielding a +0 short sword
              (3 damage)
             ... on level 4 of the Dungeon.
             The game lasted 00:04:11 (2752 turns).

Amnesiac the Conjurer (Demigod Conjurer)            Turns: 2752, Time: 00:04:11

Health: -2/38      AC:  2    Str: 11    XL:     5   Next: 4%
Magic:  13/14      EV: 12    Int: 21    God:
Gold:   91         SH:  0    Dex: 16    Spells: 4/11 levels left

rFire    . . .     SeeInvis .   s - +0 blowgun
rCold    + . .     Gourm    .   (no shield)
rNeg     . . .     Faith    .   a - +0 robe
rPois    .         Spirit   .   (no helmet)
rElec    .         Reflect  .   (no cloak)
rCorr    .         Harm     .   (no gloves)
MR       .....                  (no boots)
Stlth    ++........             (no amulet)
HPRegen  0.12/turn              u - ring of protection from cold
MPRegen  0.14/turn              (no ring)

@: no status effects
A: high mp 1
a: no special abilities


You were on level 4 of the Dungeon.
You were hungry.

You visited 2 branches of the dungeon, and saw 5 of its levels.

You collected 91 gold pieces.

Inventory:

Hand Weapons
 s - a +0 blowgun (weapon)
 w - a +0 hunting sling
Missiles
 d - a throwing net
 e - 134 stones
 l - 41 sling bullets
 r - 25 poisoned needles (quivered)
Armour
 a - a +0 robe (worn)
 t - a +2 hat
Jewellery
 u - a ring of protection from cold (left hand)
Wands
 x - a wand of paralysis (2)
Scrolls
 b - a scroll of random uselessness {!r, unknown}
 k - a scroll of remove curse {!r}
 m - a scroll of fear {!r, unknown}
 q - 2 scrolls of fog {!r, unknown}
 v - a scroll of immolation {!r, unknown}
Potions
 g - a potion of lignification {!q, unknown}
 h - 2 potions of flight {!q, unknown}
 j - 2 potions of curing {!q, unknown}
 n - a potion of haste {!q}
 o - a potion of magic {!q}
 p - a potion of might {!q}
Comestibles
 c - 6 rations
 f - a chunk of flesh


   Skills:
 - Level 1.7 Dodging
 - Level 1.7 Stealth
 * Level 3.9 Spellcasting
 + Level 4.5 Conjurations


You had 4 spell levels left.
You knew the following spells:

 Your Spells              Type           Power        Failure   Level  Hunger
a - Magic Dart            Conj           ###.         1%          1    None
d - Iskenderun's Mystic   Conj           ###.....     19%         4    ####...
e - Searing Ray           Conj           ###...       2%          2    #......


Dungeon Overview and Level Annotations

Branches:
Dungeon (4/15)             Temple (1/1) D:4

Annotations:
D:3 1 runed door
D:4 Duvessa; Nib's ghost, novice OpAs


Innate Abilities, Weirdness & Mutations

You have an increased reservoir of magic. (+10% MP)


Message History

You shoot a poisoned needle.
The poisoned needle barely misses Duvessa.
Duvessa closely misses you.
Firing (i - inventory. (/) - cycle)
r - 32 poisoned needles (quivered)
Press: ? - help, Shift-Dir - straight line, f/p - Duvessa
Aim: Duvessa, wielding a short sword and wearing a shiny ring mail (lightly wounded, poisoned)
You shoot a poisoned needle. The poisoned needle hits Duvessa.
Duvessa is lightly wounded.
Duvessa closely misses you.
Firing (i - inventory. (/) - cycle)
r - 31 poisoned needles (quivered)
Press: ? - help, Shift-Dir - straight line, f/p - Duvessa
Aim: Duvessa, wielding a short sword and wearing a shiny ring mail (lightly wounded, poisoned)
You shoot a poisoned needle.
The poisoned needle closely misses Duvessa.
Duvessa hits you with a short sword!
Firing (i - inventory. (/) - cycle)
r - 30 poisoned needles (quivered)
Press: ? - help, Shift-Dir - straight line, f/p - Duvessa
Aim: Duvessa, wielding a short sword and wearing a shiny ring mail (lightly wounded, poisoned)
You shoot a poisoned needle. The poisoned needle hits Duvessa.
Duvessa looks even sicker.
Duvessa is lightly wounded.
Duvessa hits you with a short sword!
Firing (i - inventory. (/) - cycle)
r - 29 poisoned needles (quivered)
Press: ? - help, Shift-Dir - straight line, f/p - Duvessa
Aim: Duvessa, wielding a short sword and wearing a shiny ring mail (lightly wounded, poisoned)
You shoot a poisoned needle. The poisoned needle hits Duvessa.
Duvessa looks even sicker.
Duvessa is lightly wounded.
Duvessa closely misses you.
Firing (i - inventory. (/) - cycle)
r - 28 poisoned needles (quivered)
Press: ? - help, Shift-Dir - straight line, f/p - Duvessa
Aim: Duvessa, wielding a short sword and wearing a shiny ring mail (moderately wounded, poisoned)
You shoot a poisoned needle. The poisoned needle hits Duvessa.
Duvessa looks as sick as possible!
Duvessa is moderately wounded.
Duvessa hits you with a short sword.
Firing (i - inventory. (/) - cycle)
r - 27 poisoned needles (quivered)
Press: ? - help, Shift-Dir - straight line, f/p - Duvessa
Aim: Duvessa, wielding a short sword and wearing a shiny ring mail (moderately wounded, poisoned)
You shoot a poisoned needle.
The poisoned needle barely misses Duvessa.
Duvessa hits you with a short sword!
* * * LOW HITPOINT WARNING * * *
Found 15 gold pieces.
Duvessa says, "Did you see that move?
Perfect!"
Firing (i - inventory. (/) - cycle)
r - 26 poisoned needles (quivered)
Press: ? - help, Shift-Dir - straight line, f/p - Duvessa
Aim: Duvessa, wielding a short sword and wearing a shiny ring mail (severely wounded, poisoned)
You shoot a poisoned needle. The poisoned needle hits Duvessa.
Duvessa is severely wounded.
Duvessa hits you with a short sword.
* * * LOW HITPOINT WARNING * * *
Casting: Magic Dart (safe; 1% risk of failure)
Confirm with . or Enter, or press ? or * to list all spells.
Aiming: Magic Dart (safe; 1% risk of failure)
Press: ? - help, Shift-Dir - straight line, f/p - Duvessa
Aim: Duvessa, wielding a short sword and wearing a shiny ring mail (severely wounded, poisoned)
The magic dart hits Duvessa.
Duvessa is severely wounded.
You are feeling hungry.
Duvessa hits you with a short sword!
* * * LOW HITPOINT WARNING * * *
Duvessa hits you with a short sword.
You die...

# .. [..
##################....
###........(............
.......########e........
...>...+ +.@.......
.....).# #.........
.......#############....
#..............# ...
#..#.8.#.......# ..
#..............#
+..8(>.8......$#
#..............#
.(.#.8.#........


You could see Duvessa.

Vanquished Creatures
  Ijyb (Temple)
  Terence (D:2)
  A worker ant zombie (D:3)
  3 adders
  An ooze (D:1)
  A worm (D:2)
  A dart slug (D:2)
  2 leopard geckos
  3 orcs (D:4)
  A ball python (D:2)
  7 bats
  2 giant cockroaches
  6 goblins
  7 hobgoblins
  6 jackals (D:2)
  8 kobolds
  A quokka (D:2)
  3 frilled lizards
  8 rats
63 creatures vanquished.

Vanquished Creatures (others)
  4 toadstools (D:1)
4 creatures vanquished.

Grand Total: 67 creatures vanquished

Notes
Turn   | Place    | Note
-------+----------+-------------------------------------------
     0 | D:1      | Amnesiac the Demigod Conjurer began the quest for the Orb.
     0 | D:1      | Reached XP level 1. HP: 14/14 MP: 5/5
   169 | D:1      | Reached XP level 2. HP: 12/20 MP: 0/7
   186 | D:1      | Learned a level 2 spell: Searing Ray
   690 | D:2      | Noticed Terence
   776 | D:2      | Killed Terence
   776 | D:2      | Reached skill level 4 in Conjurations
   776 | D:2      | Reached XP level 3. HP: 20/26 MP: 1/10
  1339 | D:2      | Reached XP level 4. HP: 31/33 MP: 2/11
  1466 | D:2      | Found a deep blue altar of Sif Muna.
  1581 | D:3      | Learned a level 4 spell: Iskenderun's Mystic Blast
  1789 | D:3      | Found a glowing silver altar of Zin.
  1789 | D:3      | Noticed an angel
  1790 | D:3      | Found a runed door.
  2286 | D:4      | Noticed Nib's ghost (novice OpAs)
  2352 | D:4      | Found a staircase to the Ecumenical Temple.
  2374 | D:4      | Noticed Ijyb
  2387 | D:4      | Paralysed by Ijyb for 3 turns
  2390 | Temple   | Entered the Ecumenical Temple
  2414 | Temple   | Paralysed by Ijyb for 6 turns
  2424 | Temple   | Paralysed by Ijyb for 2 turns
  2426 | Temple   | Killed Ijyb
  2426 | Temple   | Reached XP level 5. HP: 15/38 MP: 10/14
  2710 | D:4      | Noticed Duvessa
  2750 | D:4      | HP: 1/38 [Duvessa/short sword (12)]
  2752 | D:4      | Slain by Duvessa

Vault maps used:
D:1:      ldierk_walled_garden_2
D:2:      led_sif_pool, serial_glass, glass_columns_a, glass_columns_b,
          glass_columns_b, glass_columns_b, glass_columns_c, glass_columns_b,
          glass_columns_a, glass_columns_c, uniq_terence
D:3:      minivault_27, lemuel_angel_altar
D:4:      minmay_temple_entry_statues_pillars, sigmund_edmund_badplayer,
          uniq_duvessa, uniq_ijyb
Temple:   grunt_wide_crystal_templ

Skill      XL: |  1  2  3 |
---------------+----------+-----
Spellcasting   | 2 3 |  3.9
Conjurations   | 4 |  4.5
Dodging        | |  1.7
Stealth        | |  1.7

Action                   |  1- 3 |  4- 6 || total
-------------------------+-------+-------++-------
Melee: Unarmed           |    15 |     1 ||    16
 Fire: Blowgun           |       |    44 ||    44
 Cast: Magic Dart        |    72 |    45 ||   117
       Searing Ray       |     2 |     4 ||     6
       Iskenderun's Myst |       |     3 ||     3
  Use: Scroll            |       |     4 ||     4
  Eat: Chunk             |     2 |     4 ||     6
Armor: Robe              |     5 |     8 ||    13
Dodge: Dodged            |    18 |    30 ||    48

Table legend:
 A = Spawn XP
 B = Non-spawn XP
 C = Spawn XP percentage of total XP
 D = Spawn monster count
 E = Non-spawn monster count
 F = Spawn count percentage of total count
 G = Total turns spent on level
                    A         B        C        D         E        F      G
               +---------+---------+-------+---------+---------+-------+---------
         Total |       0 |     243 |   0.0 |       0 |      63 |   0.0 |  2752
               +---------+---------+-------+---------+---------+-------+---------
           D:1 |       0 |      23 |   0.0 |       0 |      11 |   0.0 |   751
           D:2 |       0 |     103 |   0.0 |       0 |      29 |   0.0 |   824
           D:3 |       0 |      69 |   0.0 |       0 |      17 |   0.0 |   745
           D:4 |       0 |      11 |   0.0 |       0 |       4 |   0.0 |   122
        Temple |       0 |      37 |   0.0 |       0 |       2 |   0.0 |   310
               +---------+---------+-------+---------+---------+-------+---------
